 Dungeon Crawl Stone Soup version 0.31-a0-889-g1a8549509d (webtiles) character file.

Game seed: 16428643783227624487

2366 Pooter the Cleaver (level 9, -4/121 HPs)
             Began as a Minotaur Berserker on Oct 16, 2023.
             Was a Priest of Trog.
             Slain by an orc warlord
             ... wielding a +5 broad axe
              (8 damage)
             ... in a bailey.
             The game lasted 00:25:56 (5585 turns).

Pooter the Cleaver (Minotaur Berserker)             Turns: 5585, Time: 00:25:56

Health: -4/121     AC: 12    Str: 25    XL:     9   Next: 21%
Magic:  0/8        EV:  9    Int:  4    God:    Trog [***...]
Gold:   318        SH:  0    Dex: 11    Spells: 8/8 levels left

rFire   . . .        a - +1 broad axe (flame)
rCold   . . .        (no shield)
rNeg    + . .        m - +4 chain mail {rPois}
rPois   +            (helmet restricted)
rElec   .            A - scarf {repulsion}
rCorr   .            (no gloves)
SInv    +            (no boots)
Will    ++...        G - amulet of guardian spirit Stlth
                     S - ring of see invisible
HPRegen 1.40/turn    N - ring of positive energy
MPRegen 0.11/turn

%: repel missiles, guardian spirit
@: berserking (expiring), strong-willed, regenerating, very quick
A: horns 2, retaliatory headbutt
a: Renounce Religion, Berserk, Trog's Hand


You were in a bailey.
You worshipped Trog.
Trog was most pleased with you.
You visited 1 branch of the dungeon, and saw 7 of its levels.
You also visited: Bailey.

You collected 318 gold pieces.

Inventory:

Hand Weapons
 a - a +1 broad axe of flaming (weapon)
   (You took it off Maggie on level 7 of the Dungeon)
 b - a +2 orcbow of electrocution
   (You took it off a centaur on level 6 of the Dungeon)
 e - a +2 flail of holy wrath
   (You took it off a gnoll on level 6 of the Dungeon)
 q - a +0 war axe
   (You took it off an orc on level 3 of the Dungeon)
 E - a +2 vampiric trident
   (You took it off Terence on level 2 of the Dungeon)
Missiles
 h - 18 poisoned darts (quivered)
 r - 15 boomerangs
 z - 6 curare-tipped darts
 F - 2 throwing nets {!f}
 Q - 38 stones
Armour
 m - a +4 chain mail of poison resistance (worn)
   (You found it on level 6 of the Dungeon)
 v - a +0 plate armour
   (You found it on level 4 of the Dungeon)
 A - a scarf of repulsion (worn)
   (You found it on level 2 of the Dungeon)
 D - a +1 cloak of stealth
   (You took it off Crazy Yiuf on level 6 of the Dungeon)
Jewellery
 C - a ring of resist corrosion
   (You found it on level 5 of the Dungeon)
 G - an amulet of guardian spirit (around neck)
   (You found it on level 5 of the Dungeon)
 N - a ring of positive energy (right hand)
   (You found it on level 2 of the Dungeon)
 P - a ring of poison resistance
   (You found it on level 3 of the Dungeon)
 S - a ring of see invisible (left hand)
   (You found it on level 4 of the Dungeon)
Wands
 d - a wand of iceblast (20)
   (You found it on level 4 of the Dungeon)
 f - a wand of flame (10)
   (You found it on level 5 of the Dungeon)
 x - a wand of polymorph (9)
   (You found it on level 5 of the Dungeon)
Scrolls
 c - a scroll of butterflies
 g - a scroll of blinking
 k - a scroll of poison {!r}
 s - a scroll of enchant weapon {unknown}
 t - a scroll of teleportation {@r4}
 y - 2 scrolls of immolation {!r}
 B - 3 scrolls of fear
 I - a scroll of revelation
Potions
 i - a potion of magic {unknown}
 j - a potion of brilliance {unknown}
 l - a potion of mutation {unknown}
 n - 2 potions of degeneration {unknown}
 o - 2 potions of enlightenment
 p - 3 potions of heal wounds {unknown}
 u - 5 potions of curing {@q1}
 w - a potion of attraction {unknown}
 H - 2 potions of might {unknown}


   Skills:
 + Level 8.0 Fighting
 * Level 10.7 Axes
 * Level 7.3 Ranged Weapons
 - Level 2.4 Armour
 - Level 2.1 Dodging


You had 8 spell levels left.
You didn't know any spells.
Your spell library was empty.

Dungeon Overview and Level Annotations

Branches:
Dungeon (7/15) Zot: 26761  Temple (0/1) D:6          Bailey (1/1) Zot: 5385

Altars:

Annotations:
D:7 Pikel


Innate Abilities, Weirdness & Mutations

You have a pair of horns on your head.
You reflexively headbutt those who attack you in melee.


Message History

a +0 hand axe; a +0 leather armour
Found a scroll of revelation.
H - a scroll of enchant armour
As you read the scroll of enchant armour, it crumbles to dust.
Your +3 chain mail of poison resistance glows green for a moment.
H - a sapphire potion
H - 2 sapphire potions (gained 1)
I - a scroll of revelation
Found a gate leading back out of this place.
There is an open door here.
There is an open door here.
Okay, then.
Your +2 orcbow of electrocution stops crackling.
Your +1 broad axe of flaming bursts into flame!
a - a +1 broad axe of flaming (weapon)
Your skin crawls.
You feel strong-willed.
You open the gate.
A red film seems to cover your vision as you go berserk!
You feel yourself moving faster!
You feel mighty!
The orc warlord hits you with a +5 broad axe!
You slice the orc warlord!! You burn the orc warlord.
Your headbutt misses the orc warlord.
The orc warlord hits you with a +5 broad axe!
You slash the orc warlord! You burn the orc warlord.
Your headbutt misses the orc warlord.
You hit the orc warlord but do no damage.
You headbutt the orc warlord, but do no damage.
The orc warlord hits you with a +5 broad axe!!
You hit the orc warlord. You burn the orc warlord.
Your headbutt misses the orc warlord.
The orc warlord hits you with a +5 broad axe!
You hit the orc warlord. You burn the orc warlord.
You headbutt the orc warlord!
The orc warlord hits you with a +5 broad axe!!
* * * LOW HITPOINT WARNING * * *
You closely miss the orc warlord. Your headbutt misses the orc warlord.
The orc warlord hits you with a +5 broad axe!!
* * * LOW MAGIC WARNING * * *
* * * LOW HITPOINT WARNING * * *
You closely miss the orc warlord. You slice the goblin!! You burn the goblin.
You kill the goblin!
Trog accepts your kill.
You hit the orc warlord. You burn the orc warlord.
The orc warlord hits you with a +5 broad axe!!
* * * LOW MAGIC WARNING * * *
* * * LOW HITPOINT WARNING * * *
You barely miss the orc warlord.
The orc warlord hits you with a +5 broad axe!
You die...

#..........#~~~~~#.....
#..........'.....'....8
#...8......#########...
##......#### ~~#~~~##..
##.)...#~~#~.....)~#..
##....#~........?g#..
#)).##~8.8...8.8##..
#...'~~.........#...
#..@o~~....∩....#...
#...)~~........o#...
#...##~8.8...8.8##..
##....#~........!~#..
##.....#~~#~.....=~#..
##..)...####~~~#~~~##).
#...8.)....#########...
#...)......'.....'..).8
#..........#~~~~~#.....


You could see an orc warlord.

Vanquished Creatures
  Maggie (D:7)
  A water moccasin (D:7)
  5 orc warriors
  3 centaurs
  4 ogres
  A phantom (D:4)
  2 scorpions
  A kobold brigand (D:6)
  A gnoll sergeant (D:7)
  A howler monkey (D:5)
  5 hounds
  Crazy Yiuf (D:6)
  An orc priest (D:5)
  4 iguanas
  Terence (D:2)
  10 gnolls
  5 adders
  A shadow imp (D:5)
  2 ufetubi (D:6)
  2 worms
  2 dart slugs (D:1)
  9 orcs
  5 ball pythons
  7 bats
  10 endoplasms
  A giant cockroach (D:3)
  17 goblins
  11 hobgoblins
  3 jackals (D:3)
  15 kobolds
  A quokka (D:2)
  3 frilled lizards
  7 rats
143 creatures vanquished.

Notes
Turn   | Place    | Note
-------+----------+-------------------------------------------
     0 | D:1      | Pooter the Minotaur Berserker began the quest for the Orb.
     0 | D:1      | Reached XP level 1. HP: 19/19 MP: 0/0
   100 | D:1      | Reached skill level 4 in Axes
   122 | D:1      | Reached XP level 2. HP: 26/27 MP: 1/1
   524 | D:1      | Reached ** piety under Trog
   563 | D:1      | Reached XP level 3. HP: 33/33 MP: 2/2
   941 | D:2      | Found a faded altar of an unknown god.
   950 | D:2      | Reached skill level 5 in Axes
  1023 | D:2      | You fall into a shaft and drop 1 floor!
  1143 | D:3      | Reached XP level 4. HP: 41/41 MP: 3/3
  1707 | D:2      | Noticed Terence
  1715 | D:2      | Killed Terence
  1944 | D:3      | Reached skill level 6 in Axes
  2077 | D:4      | Noticed an ogre
  2085 | D:4      | Killed an ogre
  2086 | D:4      | Reached skill level 5 in Fighting
  2086 | D:4      | Reached XP level 5. HP: 32/48 MP: 4/4
  2184 | D:4      | Reached skill level 7 in Axes
  2184 | D:4      | Reached XP level 6. HP: 49/56 MP: 5/5
  2361 | D:4      | Reached *** piety under Trog
  2679 | D:4      | Reached skill level 1 in Ranged Weapons
  2932 | D:5      | Entered Level 5 of the Dungeon
  3121 | D:5      | Reached XP level 7. HP: 62/63 MP: 6/6
  3561 | D:5      | Reached skill level 8 in Axes
  4077 | D:6      | Reached XP level 8. HP: 71/71 MP: 4/7
  4259 | D:6      | Reached skill level 9 in Axes
  4376 | D:6      | Reached skill level 5 in Ranged Weapons
  4450 | D:6      | Found a staircase to the Ecumenical Temple.
  4616 | D:6      | Found a runed translucent door.
  4617 | D:6      | Noticed Crazy Yiuf
  4625 | D:6      | Killed Crazy Yiuf
  4774 | D:7      | Noticed Maggie
  4789 | D:7      | Killed Maggie
  4953 | D:7      | Reached skill level 10 in Axes
  4988 | D:7      | Noticed Pikel
  4990 | D:7      | Found a flagged portal.
  4995 | D:7      | Reached XP level 9. HP: 49/80 MP: 5/8
  4997 | Bailey   | Entered a bailey
  5105 | Bailey   | Noticed an orc warlord
  5511 | Bailey   | Found a runed translucent gate.
  5513 | Bailey   | Found a runed translucent gate.
  5519 | Bailey   | Found a runed translucent gate.
  5584 | Bailey   | HP: 3/121 [orc warlord/+5 broad axe (24)]
  5585 | Bailey   | Slain by an orc warlord

Illustrated notes

Levels and vault maps discovered:
D:1:      dpeg_arrival_rhombi, layout_basic, minmay_pentomino_v4
D:2:      layout_rooms, shapermc_ecumenical_altar_notcrosses, uniq_terence
D:3:      wander_river, layout_rooms
D:4:      layout_cave_pods
D:5:      layout_basic, minivault_19, dreamdust_princess_corridor
D:6:      layout_loops_ring, minmay_temple_entry_stoned_glass,
          uniq_crazy_yiuf_cottage
D:7:      layout_layer_cave, enter_bailey_5, uniq_maggie, uniq_jeremiah,
          uniq_pikel
Bailey:   bailey_axe_bossmonster_kennysheep, bailey

Skill      XL: |  1  2  3  4  5  6  7  8  9 |
---------------+----------------------------+-----
Axes           | 4 5 6 7 8 10 | 10.7
Fighting       | 4 5 6 7 8 |  8.0
Ranged Weapons | 2 4 6 7 |  7.3
Armour         | |  2.4
Dodging        | |  2.1

Action                     |  1- 3 |  4- 6 |  7- 9 || total
---------------------------+-------+-------+-------++-------
  Melee: Hand axe          |    90 |    44 |       ||   134
         Headbutt          |    11 |    18 |    25 ||    54
         Trident           |       |    83 |    59 ||   142
         Punch             |       |     2 |       ||     2
         War axe           |       |       |     4 ||     4
         Broad axe         |       |       |    30 ||    30
   Fire: Sling             |       |    15 |     2 ||    17
         Orcbow            |       |       |    74 ||    74
  Throw: Dart              |       |     6 |       ||     6
 Invoke: Berserk           |     1 |       |     8 ||     9
         Trog's Hand       |       |       |     4 ||     4
    Use: Scroll            |     1 |     4 |    10 ||    15
   Stab: Sleeping          |     1 |       |       ||     1
 Armour: Animal skin       |    39 |       |       ||    39
         Chain mail        |     7 |    57 |    62 ||   126
         Plate armour      |       |    30 |    45 ||    75
  Dodge: Dodged            |    53 |    37 |    53 ||   143
         Repelled          |       |       |     1 ||     1

Table legend: (Time is in decaauts)
 A = Elapsed time spent in this place.
 B = Non-inter-level travel time spent in this place.
 C = Inter-level travel time spent in this place.
 D = Time resting spent in this place.
 E = Time spent auto-exploring this place.
 F = Levels seen in this place.
 G = Mean time per level.
                   A        B        C        D        E       F      G
               +--------+--------+--------+--------+--------+-----+--------+
         Total |   5708 |   5578 |    130 |    890 |   3400 |   8 |  713.5 |
       Dungeon |   5094 |   4964 |    130 |    492 |   3375 |   7 |  727.7 |
        Bailey |    614 |    614 |      0 |    398 |     25 |   1 |  614.0 |
               +--------+--------+--------+--------+--------+-----+--------+

Top non-repeatable levels by time:
     D:5: 978 daAuts
     D:1: 927 daAuts
     D:6: 912 daAuts
     D:4: 858 daAuts
     D:2: 650 daAuts
  Bailey: 614 daAuts
     D:3: 528 daAuts
     D:7: 238 daAuts
